 Dungeon Crawl Stone Soup version 0.22.0-16-gc6d26f6 (webtiles) character file.

62 frankhovis the Charlatan (level 3, 0/18 HPs)
             Began as a Spriggan Artificer on Aug 18, 2018.
             Killed by nerve-wracking pain
             ... invoked by Grinder
              (9 damage)
             ... on level 3 of the Dungeon.
             The game lasted 00:29:47 (1479 turns).

frankhovis the Charlatan (Spriggan Artificer)       Turns: 1479, Time: 00:29:48

Health: 0/18       AC:  2    Str:  8    XL:     3   Next: 85%
Magic:  7/7        EV: 19    Int: 12    God:
Gold:   41         SH:  0    Dex: 17    Spells: 2/2 levels left

rFire    + . .     SeeInvis +   a - +0 short sword
rCold    . . .     Gourm    .   (shield restricted)
rNeg     . . .     Faith    .   b - +0 robe
rPois    .         Spirit   .   (helmet restricted)
rElec    .         Reflect  .   (no cloak)
rCorr    +         Harm     .   (gloves unavailable)
MR       .....                  (boots unavailable)
Stlth    ++........             (no amulet)
HPRegen  0.06/turn              t - ring of protection from fire
MPRegen  0.10/turn              u - ring of resist corrosion

@: very quick
A: very small, unfitting armour, see invisible, herbivore, speed 3, slow
metabolism 2
a: no special abilities


You were on level 3 of the Dungeon.
You were not hungry.

You visited 1 branch of the dungeon, and saw 3 of its levels.

You collected 41 gold pieces.

Inventory:

Hand Weapons
 a - a +0 short sword (weapon)
 e - a +0 whip
 i - a +0 dagger
 j - a +0 spear
 k - a +0 mace
Missiles
 o - 21 stones (quivered)
 s - 8 needles of sleeping
Armour
 b - a +0 robe (worn)
Jewellery
 r - a -3 ring of evasion
 t - a ring of protection from fire (left hand)
 u - a ring of resist corrosion (right hand)
Wands
 d - a wand of enslavement (11)
Scrolls
 h - 4 scrolls of identify {unknown}
 l - 2 scrolls of noise {unknown}
 m - a scroll of amnesia {unknown}
 p - 2 scrolls of remove curse
 q - 2 scrolls of magic mapping {unknown}
Potions
 g - 2 potions of lignification {unknown}
 n - 2 potions of curing {unknown}
 v - a potion of agility
Comestibles
 f - 6 rations


   Skills:
 + Level 1.1 Fighting
 + Level 2.1 Short Blades
 + Level 1.1 Throwing
 + Level 3.4 Dodging
 + Level 1.9 Stealth
 + Level 5.1 Evocations


You had 2 spell levels left.
You didn't know any spells.
Your spell library was empty.

Dungeon Overview and Level Annotations

Branches:
Dungeon (3/15)

Altars:
Xom

Annotations:
D:3 Grinder, Natasha


Innate Abilities, Weirdness & Mutations

You are very small and have problems with some larger weapons.
You are too small for most types of armour.
You have supernaturally acute eyesight. (SInv)
You are a herbivore.
You cover ground extremely quickly.
You need to consume almost no food.


Message History

Evoke which item? (* to show all) (? for menu, Esc to quit)
Aiming: Throw Flame
Press: ? - help, Shift-Dir - straight line, f - Grinder
Aim: Grinder The puff of flame misses Grinder.
The now-empty wand crumbles to dust.
Natasha claws the white imp.
The white imp dies!
Grinder gestures at you.
You struggle to resist.
Throwing (i - inventory)
o - 22 stones (quivered)
Press: ? - help, Shift-Dir - straight line, f/p - Grinder
Aim: Grinder You throw a stone.
The stone barely misses Grinder.
Natasha closely misses Grinder.
Unknown command.
Natasha misses Grinder.
Grinder gestures at you. Pain shoots through your body!
Ouch! That really hurt!
You die...

########
##......##
##........##
#.@........#
#..........#
#..........#
#...%..5h..#
#..........#
##........##
#[..<.....(
#..........#
#....>>....#


You could see Grinder and the friendly Natasha.

Vanquished Creatures
  An adder (D:2)
  An ooze (D:1)
  3 dart slugs
  A leopard gecko (D:2)
  A ball python (D:1)
  5 bats
  2 giant cockroaches
  5 goblins (D:1)
  A hobgoblin (D:2)
  4 jackals (D:1)
  2 quokkas (D:2)
  3 frilled lizards
  4 kobolds
  A quokka skeleton (D:2)
  9 rats
43 creatures vanquished.

Vanquished Creatures (others)
  A leopard gecko (D:3)
1 creature vanquished.

Grand Total: 44 creatures vanquished

Notes
Turn   | Place    | Note
-------+----------+-------------------------------------------
     0 | D:1      | frankhovis the Spriggan Artificer began the quest for the Orb.
     0 | D:1      | Reached XP level 1. HP: 9/9 MP: 4/4
   100 | D:1      | Reached XP level 2. HP: 11/14 MP: 6/6
   581 | D:1      | Reached skill level 5 in Evocations
   581 | D:1      | Reached XP level 3. HP: 11/17 MP: 7/7
   935 | D:2      | Found a shimmering altar of Xom.
   935 | D:2      | Found a shimmering altar of Xom.
   935 | D:2      | Found a shimmering altar of Xom.
   935 | D:2      | Found a shimmering altar of Xom.
   935 | D:2      | Found a shimmering altar of Xom.
   937 | D:2      | Found a shimmering altar of Xom.
  1136 | D:2      | Reached skill level 1 in Fighting
  1232 | D:2      | Reached skill level 1 in Throwing
  1461 | D:3      | Noticed Grinder
  1461 | D:3      | Noticed Natasha
  1462 | D:3      | Paralysed by Grinder for 7 turns
  1479 | D:3      | Killed from afar by Grinder

Skill      XL: |  1  2  3 |
---------------+----------+-----
Evocations     | 5 |  5.1
Fighting       | 1 |  1.1
Short Blades   | 2 |  2.1
Throwing       | 1 |  1.1
Dodging        | |  3.4
Stealth        | |  1.9

Action                   || total
-------------------------++-------
Melee: Short sword       ||    70
Throw: Stone             ||    49
Evoke: Wand              ||    34
  Use: Scroll            ||     1
 Stab: Sleeping          ||     5
Armor: Robe              ||     8
Dodge: Dodged            ||    54
